 Dungeon Crawl Stone Soup version 0.27.1-1-g398f81649c (webtiles) character file.

Game seed: 151367233512553324

16 101zpm the Shield-Bearer (level 2, -6/20 HPs)
             Began as a Gargoyle Fighter on Sept 19, 2021.
             Killed by divine providence
             ... invoked by an orc priest
              (11 damage)
             ... on level 3 of the Dungeon.
             The game lasted 00:01:00 (762 turns).

101zpm the Shield-Bearer (Gargoyle Fighter)          Turns: 762, Time: 00:01:01

Health: -6/20      AC: 10    Str: 19    XL:     2   Next: 58%
Magic:  2/2        EV:  7    Int:  8    God:
Gold:   39         SH:  9    Dex:  9    Spells: 1/1 levels left

rFire    . . .     SeeInvis .   a - +0 flail
rCold    . . .     Faith    .   c - +0 kite shield
rNeg     + . .     Spirit   .   b - +0 scale mail
rPois    ∞         Reflect  .   e - +0 helmet
rElec    +         Harm     .   (no cloak)
rCorr    .         Rampage  .   (no gloves)
Will     .....                  (no boots)
Stlth    ..........             (no amulet)
HPRegen  0.06/turn              (no ring)
MPRegen  0.08/turn              (no ring)

@: no status effects
A: sickness immunity, AC +2, negative energy resistance 1, electricity
resistance, torment resistance 1, petrification resistance
a: no special abilities


You were on level 3 of the Dungeon.
You visited 1 branch of the dungeon, and saw 3 of its levels.

You collected 39 gold pieces.

Inventory:

Hand Weapons
 a - a +0 flail (weapon)
Armour
 b - a +0 scale mail (worn)
 c - a +0 kite shield (worn)
 e - a +0 helmet (worn)
Jewellery
 i - a +6 ring of intelligence
Scrolls
 f - a scroll of amnesia {unknown}
 h - 2 scrolls of identify {unknown}
 k - a scroll of magic mapping {unknown}
 l - a scroll of summoning {unknown}
Potions
 d - a potion of might
 g - a potion of brilliance {unknown}
 j - 2 potions of ambrosia {unknown}


   Skills:
 + Level 3.6 Fighting
 + Level 2.0 Maces & Flails
 + Level 3.4 Armour
 + Level 0.2 Dodging
 + Level 3.6 Shields


You had one spell level left.
You didn't know any spells.
Your spell library was empty.

Dungeon Overview and Level Annotations

Branches:
Dungeon (3/15)

Altars:


Innate Abilities, Weirdness & Mutations

You are immune to sickness and miasma.
Your stone body is resilient. (AC +2)
You are immune to poison.
You resist negative energy. (rN+)
You are resistant to electric shocks. (rElec)
You are resistant to unholy torment.
You are immune to petrification.


Message History

No target in view!
Found a stone staircase leading down.
Found a scroll labelled URPHOSOJAIB.
l - a scroll labelled URPHOSOJAIB
There is a stone staircase leading down here.
You climb downwards.
The orc shouts!
Found a coppery potion and a bubbling orange potion.
There is a stone staircase leading up here.
An orc priest comes into view. It is wielding a +0 trident.
The orc priest shouts!
You hear a shout!
Found a stone staircase leading up.
An orc comes into view. It is wielding a +0 dagger.
You thump the orc!
You kill the orc!
The orc priest begins to cast a cantrip, but forgets the words!
Things that are here:
a +0 short sword of draining; an orc corpse You barely miss the orc.
The orc hits you but does no damage.
The orc priest hits you but does no damage.
You block the orc's attack.
You barely miss the orc. The orc priest barely misses you.
The orc priest hits you from afar with a +0 trident.
You hit the orc.
The orc is heavily wounded.
The orc hits you but does no damage. You block the orc priest's attack.
The orc hits you with a +0 dagger.
You hit the orc.
The orc is severely wounded.
The orc priest hits you from afar with a +0 trident!
* * * LOW HITPOINT WARNING * * *
The orc hits you but does no damage.
The orc priest calls upon Beogh to heal the orc.
The orc's wounds heal themselves!
The orc hits you with a +0 dagger.
* * * LOW HITPOINT WARNING * * *
The orc priest invokes the aid of Beogh against you.
Beogh smites you!
Ouch! That really hurt!
You die...

#......!..
..........
.........
.........
........# #
.....#..#####.#
.......<.......
....###.....#.!
....###@....#
......o)##.##
<#..###.# .# ..
.o. . ..... #
###.... #.....
####.## .#


You could see an orc priest and an orc.

Vanquished Creatures
  An orc (D:3)
  A ball python (D:2)
  An endoplasm (D:2)
  2 giant cockroaches (D:2)
  A hobgoblin (D:2)
  3 quokkas
  A goblin (D:1)
  A kobold (D:1)
  3 rats (D:2)
14 creatures vanquished.

Notes
Turn   | Place    | Note
-------+----------+-------------------------------------------
     0 | D:1      | 101zpm the Gargoyle Fighter began the quest for the Orb.
     0 | D:1      | Reached XP level 1. HP: 14/14 MP: 1/1
   514 | D:2      | Reached XP level 2. HP: 11/19 MP: 2/2
   762 | D:3      | Killed from afar by an orc priest

Illustrated notes

Levels and vault maps discovered:
D:1:      minmay_arrival_five_plusses, layout_loops_ring,
          shapermc_ecumenical_altar_notcrosses
D:2:      layout_basic
D:3:      layout_basic, mainiacjoe_overflow_surrounded_room, serial_bayou_lake_a

Action                   || total
-------------------------++-------
Melee: Flail             ||    49
Armor: Scale mail        ||    33
Dodge: Dodged            ||    17
Block: Kite shield       ||    27
